 Dungeon Crawl Stone Soup version 0.30-a0-778-g2ef04afb54 (webtiles) character file.

Game seed: 2684951388321471987

14 AndrolTheGreedy the Sneak (level 2, 0/17 HPs)
             Began as a Kobold Brigand on Feb 16, 2023.
             Slain by a goblin
             ... wielding a +0 club
              (3 damage)
             ... on level 1 of the Dungeon.
             The game lasted 00:01:40 (468 turns).

AndrolTheGreedy the Sneak (Kobold Brigand)           Turns: 468, Time: 00:01:40

Health: 0/17       AC:  7    Str: 14    XL:     2   Next: 55%
Magic:  2/2        EV: 14    Int: 12    God:
Gold:   90         SH:  0    Dex: 16    Spells: 1/1 levels left

rFire   . . .      SeeInvis .    a - +2 dagger
rCold   . . .      Faith    .    (no shield)
rNeg    . . .      Spirit   .    b - +0 robe
rPois   .          Reflect  .    (no helmet)
rElec   .          Harm     .    c - +0 cloak
rCorr   .          Rampage  .    (no gloves)
Will    .....                    (no boots)
Stlth   ++++                     (no amulet)
HPRegen 0.22/turn                h - +4 ring of protection
MPRegen 0.08/turn                i - +6 ring of strength

@: no status effects
A: small, no large weapons, nightstalker 3
a: no special abilities


You were on level 1 of the Dungeon.
You visited 1 branch of the dungeon, and saw 1 of its levels.

You collected 90 gold pieces.

Inventory:

Hand Weapons
 a - a +2 dagger (weapon)
Missiles
 d - 8 poisoned darts (quivered)
 e - 3 curare-tipped darts
Armour
 b - a +0 robe (worn)
 c - a +0 cloak (worn)
Jewellery
 h - a +4 ring of protection (left hand)
 i - a +6 ring of strength (right hand)
Scrolls
 f - a scroll of blinking {unknown}
Potions
 g - a potion of curing {unknown}


   Skills:
 - Level 2.1 Fighting
 * Level 3.6 Short Blades
 - Level 2.1 Throwing
 - Level 1.2 Dodging
 + Level 5.6 Stealth


You had one spell level left.
You didn't know any spells.
Your spell library was empty.

Dungeon Overview and Level Annotations

Branches:
Dungeon (1/15)

Altars:


Innate Abilities, Weirdness & Mutations

You are small and have problems with some larger weapons.
You are completely attuned to the shadows.


Message History

The goblin hits you but does no damage. The goblin barely misses you.
The goblin closely misses you. The goblin hits you but does no damage.
The goblin closely misses you. The goblin completely misses you.
The goblin misses you. The goblin misses you.
The goblin hits you with a +0 club. The goblin hits you with a +0 club.
* * * LOW HITPOINT WARNING * * *
The goblin barely misses you. The goblin hits you with a +0 club.
* * * LOW HITPOINT WARNING * * *
The goblin hits you with a +0 club.
* * * LOW HITPOINT WARNING * * *
The goblin hits you but does no damage. The goblin closely misses you.
The goblin barely misses you. The goblin closely misses you.
The goblin hits you but does no damage. The goblin hits you but does no damage.
The goblin barely misses you. The goblin hits you with a +0 club.
* * * LOW HITPOINT WARNING * * *
The goblin closely misses you. The goblin misses you.
The goblin hits you with a +0 club.
* * * LOW HITPOINT WARNING * * *
The goblin closely misses you. The goblin barely misses you.
The goblin closely misses you. The goblin hits you but does no damage.
The goblin hits you but does no damage. The goblin barely misses you.
The goblin barely misses you. The goblin hits you but does no damage.
The goblin completely misses you. The goblin hits you with a +0 club.
You die...

#.#.# ##
##..#######.#.#
.##
..........#.#.#
..+
#..........#.#
.##
.##............#
##
.......###.#####
##..#.###.#
+.........#
##@##.#####
#g##.# #.##.#
#.... ###


You could see a goblin.

Vanquished Creatures
  A dart slug (D:1)
  An endoplasm (D:1)
  A giant cockroach (D:1)
  A goblin (D:1)
  A hobgoblin (D:1)
  A quokka (D:1)
  A ball python (D:1)
  A frilled lizard (D:1)
  3 kobolds (D:1)
  A rat (D:1)
12 creatures vanquished.

Notes
Turn   | Place    | Note
-------+----------+-------------------------------------------
     0 | D:1      | AndrolTheGreedy the Kobold Brigand began the quest for the
                  | Orb.
     0 | D:1      | Reached XP level 1. HP: 12/12 MP: 1/1
    95 | D:1      | Reached XP level 2. HP: 17/17 MP: 2/2
   222 | D:1      | Found a faded altar of an unknown god.
   468 | D:1      | Slain by a goblin

Illustrated notes

Levels and vault maps discovered:
D:1:      sevenhm_arrival_forest_fort_small_1, layout_basic,
          hellmonk_ecumenical_altar_blasted

Skill      XL: |  1 |
---------------+----+-----
Short Blades   | 3 |  3.6
Fighting       | |  2.1
Throwing       | |  2.1
Dodging        | |  1.2
Stealth        | |  5.6

Action                     || total
---------------------------++-------
  Melee: Dagger            ||    22
  Throw: Dart              ||     1
   Stab: Sleeping          ||     7
 Armour: Robe              ||    26
  Dodge: Dodged            ||    70

Table legend: (Time is in decaauts)
 A = Elapsed time spent in this place.
 B = Non-inter-level travel time spent in this place.
 C = Inter-level travel time spent in this place.
 D = Time resting spent in this place.
 E = Time spent auto-exploring this place.
 F = Levels seen in this place.
 G = Mean time per level.
                   A        B        C        D        E       F      G
               +--------+--------+--------+--------+--------+-----+--------+
         Total |    464 |    464 |      0 |      0 |    265 |   1 |  464.0 |
       Dungeon |    464 |    464 |      0 |      0 |    265 |   1 |  464.0 |
               +--------+--------+--------+--------+--------+-----+--------+

Top non-repeatable levels by time:
     D:1: 464 daAuts
